 Dungeon Crawl Stone Soup version 0.23.2-1-ga50397a (webtiles) character file.

Game seed: 9012358383682557467

25 Borgoz the Cudgeler (level 3, 0/22 HPs)
             Began as a Gargoyle Gladiator on May 15, 2019.
             Slain by a gnoll
             ... wielding a +0 spear
              (3 damage)
             ... on level 2 of the Dungeon.
             The game lasted 00:01:38 (1613 turns).

Borgoz the Cudgeler (Gargoyle Gladiator)            Turns: 1613, Time: 00:01:39

Health: 0/22       AC:  9    Str: 17    XL:     3   Next: 6%
Magic:  3/3        EV: 11    Int:  8    God:
Gold:   25         SH:  0    Dex: 12    Spells: 2/2 levels left

rFire    . . .     SeeInvis .   a - +0 flail
rCold    + . .     Gourm    .   (no shield)
rNeg     + . .     Faith    .   h - +0 ring mail
rPois    ∞         Spirit   .   c - +0 helmet
rElec    +         Reflect  .   (no cloak)
rCorr    .         Harm     .   (no gloves)
MR       .....                  (no boots)
Stlth    +.........             (no amulet)
HPRegen  0.07/turn              l - ring of protection from cold (curse)
MPRegen  0.08/turn              (no ring)

@: no status effects
A: negative energy resistance 1, electricity resistance, unbreathing,
petrification resistance, rot immunity, AC +3
a: no special abilities


You were on level 2 of the Dungeon.
You were not hungry.

You visited 1 branch of the dungeon, and saw 2 of its levels.

You collected 25 gold pieces.

Inventory:

Hand Weapons
 a - a +0 flail (weapon)
Missiles
 d - 3 throwing nets (quivered)
Armour
 c - a +0 helmet (worn)
 h - a +0 ring mail (worn)
Jewellery
 l - a cursed ring of protection from cold (left hand)
Scrolls
 b - 4 scrolls of identify {unknown}
 e - a scroll of teleportation {unknown}
 k - a scroll of enchant armour {unknown}
Potions
 g - 2 potions of ambrosia {unknown}
 i - 2 potions of curing {unknown}
 j - a potion of berserk rage {unknown}
 m - a potion of haste {unknown}
Comestibles
 f - 3 rations
 n - 6 chunks of flesh


   Skills:
 + Level 2.5 Fighting
 * Level 3.4 Maces & Flails
 - Level 1.7 Throwing
 + Level 1.1 Armour
 + Level 2.6 Dodging


You had 2 spell levels left.
You didn't know any spells.
Your spell library was empty.

Dungeon Overview and Level Annotations

Branches:
Dungeon (2/15)

Altars:


Innate Abilities, Weirdness & Mutations

You are resistant to torment.
Your stone body is resilient. (AC +3)
You are immune to poison.
You resist negative energy. (rN+)
You are resistant to electric shocks. (rElec)
You can survive without breathing.
You are immune to petrification.
You are immune to rotting.


Message History

You closely miss the gnoll.
The hobgoblin shouts!
The gnoll barely misses you.
You hit the gnoll but do no damage.
The gnoll hits you from afar with a +0 spear!
You closely miss the gnoll. The gnoll barely misses you.
The gnoll closely misses you. The gnoll barely misses you. x2
Your ring mail prevents you from hitting the gnoll.
The gnoll hits you but does no damage.
You barely miss the gnoll. The gnoll hits you with a +0 club.
The gnoll hits you from afar with a +0 spear.
* * * LOW HITPOINT WARNING * * *
The gnoll hits you but does no damage.
You hit the gnoll.
The gnoll is lightly wounded.
The gnoll hits you from afar with a +0 spear.
* * * LOW HITPOINT WARNING * * *
You closely miss the gnoll.
The gnoll hits you from afar with a +0 spear.
You die...

.##.......##<##.###....
.##.......##.##># .#
.##.......##.##..
.###########.#####
###......# #.. ..#
###.####.# ### #.#
.##.####.### #.#
.##.##.....#####.# #
.......#.#.÷....@####....
.##.####.########gg.....#
.##... ..# #g##.....
########## .r. ... .....
. .#..... #.#..##!. #
##.# ... #.# ...


You could see 3 gnolls and a rat.

Vanquished Creatures
  2 dart slugs (D:1)
  A leopard gecko (D:1)
  A giant cockroach (D:1)
  A goblin (D:1)
  2 hobgoblins (D:2)
  2 jackals (D:1)
  4 bats
  A frilled lizard (D:1)
  3 kobolds
  3 rats
20 creatures vanquished.

Notes
Turn   | Place    | Note
-------+----------+-------------------------------------------
     0 | D:1      | Borgoz the Gargoyle Gladiator began the quest for the Orb.
     0 | D:1      | Reached XP level 1. HP: 12/12 MP: 1/1
   521 | D:1      | Reached XP level 2. HP: 18/18 MP: 2/2
  1053 | D:1      | Reached skill level 1 in Armour
  1512 | D:2      | Reached XP level 3. HP: 19/22 MP: 3/3
  1613 | D:2      | Slain by a gnoll

Skill      XL: |  1  2 |
---------------+-------+-----
Armour         | 1 |  1.1
Fighting       | |  2.5
Maces & Flails | |  3.4
Throwing       | |  1.7
Dodging        | |  2.6

Action                   || total
-------------------------++-------
Melee: Flail             ||    69
  Eat: Chunk             ||     2
Armor: Leather armour    ||    15
       Ring mail         ||    28
Dodge: Dodged            ||    56
